 Dungeon Crawl Stone Soup version 0.23.2-1-ga50397a (webtiles) character file.

Game seed: 15443431246785176423

1288 whitewolfNL the Skirmisher (level 8, -4/73 HPs)
             Began as a Minotaur Berserker on May 15, 2019.
             Was a Priest of Trog.
             Slain by an orc warrior
             ... wielding a +0 flail
              (13 damage)
             ... on level 7 of the Dungeon.
             The game lasted 00:12:14 (4039 turns).

whitewolfNL the Skirmisher (Minotaur Berserker)     Turns: 4039, Time: 00:12:16

Health: -4/73      AC: 12    Str: 21    XL:     8   Next: 30%
Magic:  9/9        EV:  8    Int:  4    God:    Trog [***...]
Gold:   253        SH:  0    Dex: 13    Spells: 7/7 levels left

rFire    . . .     SeeInvis .   v - +0 flail
rCold    . . .     Gourm    .   (no shield)
rNeg     . . .     Faith    .   i - +0 plate armour
rPois    .         Spirit   .   (helmet restricted)
rElec    .         Reflect  .   (no cloak)
rCorr    .         Harm     .   (no gloves)
MR       .....                  (no boots)
Stlth    ..........             (no amulet)
HPRegen  0.22/turn              (no ring)
MPRegen  0.11/turn              (no ring)

@: berserk cooldown, slowed, very slow
A: retaliatory headbutt, horns 2
a: Berserk, Trog's Hand, Renounce Religion


You were on level 7 of the Dungeon.
You worshipped Trog.
Trog was most pleased with you.
You were very hungry.

You visited 1 branch of the dungeon, and saw 7 of its levels.

You collected 253 gold pieces.

Inventory:

Hand Weapons
 s - a +0 vampiric great sword
 v - a +0 flail (weapon)
Missiles
 b - 22 bolts
 d - 2 throwing nets (quivered)
 g - 197 arrows
 k - 149 stones
 p - 43 sling bullets
 u - 2 tomahawks
Armour
 i - a +0 plate armour (worn)
Jewellery
 a - an uncursed ring of stealth {unknown}
Wands
 y - a wand of digging (3)
 A - a wand of enslavement (10)
Scrolls
 e - 2 scrolls of remove curse {unknown}
 f - 7 scrolls of identify {unknown}
 j - 2 scrolls of amnesia {unknown}
 m - 3 scrolls of teleportation {unknown}
 n - 2 scrolls of magic mapping {unknown}
 t - a scroll of blinking {unknown}
 x - a scroll of noise {unknown}
 z - a scroll of random uselessness {unknown}
 B - a scroll of enchant weapon {unknown}
Potions
 h - 2 potions of curing {unknown}
 l - 3 potions of heal wounds {unknown}
 o - a potion of lignification {unknown}
 q - a potion of haste {unknown}
 r - a potion of brilliance {unknown}
 C - a potion of degeneration {unknown}
Comestibles
 c - 10 rations
 w - 4 chunks of flesh


   Skills:
 * Level 7.4 Fighting
 * Level 7.3 Maces & Flails
 - Level 1.0 Throwing
 + Level 5.0 Armour
 + Level 4.6 Dodging
 - Level 1.0 Stealth
 * Level 2.8 Evocations


You had 7 spell levels left.
You didn't know any spells.
Your spell library was empty.

Dungeon Overview and Level Annotations

Branches:
Dungeon (7/15)
 Temple: D:4-7

Altars:
Dithmenos
Kikubaaqudgha
Yredelemnul
Zin
The Shining One


Innate Abilities, Weirdness & Mutations

You reflexively headbutt those who attack you in melee.
You have a pair of horns on your head.


Message History

The orc wizard hits you but does no damage.
You climb downwards.
A howler monkey comes into view.
Found a sedimented brown potion.
There is a stone staircase leading up here.
You hit the orc wizard.
You headbutt the orc wizard, but do no damage.
The orc wizard is severely wounded.
The orc wizard completely misses you. The orc warrior barely misses you.
You furiously retaliate!
You headbutt the orc warrior. The orc hits you but does no damage.
The orc wizard barely misses you. The orc hits you but does no damage.
The orc warrior barely misses you.
The orc wizard hits you but does no damage.
You miss the orc wizard.
You headbutt the orc wizard, but do no damage.
The orc wizard is severely wounded.
The orc wizard hits you but does no damage.
The orc hits you but does no damage.
The orc warrior hits you with a +0 flail!
You die...

########
#....o@#
#.####oo!..#
#.##..# #..
...# ... ...
##.. .# .. #
###


You could see an orc warrior, an orc wizard and an orc.

Vanquished Creatures
  Sigmund (D:3)
  Menkaure (D:4)
  A sky beast (D:5)
  An ogre (D:6)
  2 centaurs (D:5)
  A scorpion (D:6)
  3 crimson imps (D:5)
  2 hounds (D:5)
  A jelly (D:5)
  An orc priest (D:5)
  3 orc wizards (D:5)
  A centaur skeleton (D:5)
  Ijyb (D:4)
  2 iguanas
  6 adders
  4 gnolls (D:4)
  2 shadow imps
  2 worms
  2 dart slugs
  3 leopard geckos
  12 orcs
  6 bats
  2 giant cockroaches
  5 goblins
  8 hobgoblins
  9 jackals
  5 kobolds
  2 quokkas
  A ball python (D:4)
  5 frilled lizards
  A jackal zombie (D:5)
  3 rats
99 creatures vanquished.

Notes
Turn   | Place    | Note
-------+----------+-------------------------------------------
     0 | D:1      | whitewolfNL the Minotaur Berserker began the quest for the
                  | Orb.
     0 | D:1      | Reached XP level 1. HP: 19/19 MP: 0/0
   238 | D:1      | Reached XP level 2. HP: 27/27 MP: 1/1
  1076 | D:2      | Reached skill level 1 in Throwing
  1076 | D:2      | Reached XP level 3. HP: 33/33 MP: 2/2
  1127 | D:2      | Reached skill level 1 in Stealth
  1592 | D:2      | Reached XP level 4. HP: 40/40 MP: 3/3
  1633 | D:2      | Reached ** piety under Trog
  1702 | D:3      | Noticed Sigmund
  1712 | D:3      | Killed Sigmund
  1712 | D:3      | Reached skill level 5 in Fighting
  1712 | D:3      | Reached skill level 5 in Maces & Flails
  1712 | D:3      | Reached XP level 5. HP: 48/48 MP: 4/4
  1855 | D:3      | Reached XP level 6. HP: 40/56 MP: 5/5
  1936 | D:3      | Found a faded altar of an unknown god.
  2177 | D:3      | Found a shadowy altar of Dithmenos.
  2177 | D:3      | Found a glowing golden altar of the Shining One.
  2177 | D:3      | Found a glowing silver altar of Zin.
  2357 | D:4      | Noticed Menkaure
  2391 | D:4      | Killed Menkaure
  3006 | D:4      | Noticed Ijyb
  3021 | D:4      | Killed Ijyb
  3021 | D:4      | Reached XP level 7. HP: 63/63 MP: 6/6
  3193 | D:5      | Entered Level 5 of the Dungeon
  3306 | D:5      | Reached skill level 1 in Evocations
  3497 | D:5      | Found a basalt altar of Yredelemnul.
  3672 | D:5      | Reached *** piety under Trog
  3729 | D:5      | Reached XP level 8. HP: 73/73 MP: 8/8
  4002 | D:6      | Found an ancient bone altar of Kikubaaqudgha.
  4020 | D:6      | Reached skill level 5 in Armour
  4039 | D:7      | Slain by an orc warrior

Skill      XL: |  1  2  3  4  5  6  7  8 |
---------------+-------------------------+-----
Maces & Flails | 4 5 6 7 |  7.3
Fighting       | 4 5 6 7 |  7.4
Throwing       | 1 |  1.0
Stealth        | 1 |  1.0
Armour         | 3 4 5 |  5.0
Dodging        | 3 4 |  4.6
Evocations     | 2 |  2.8

Action                   |  1- 3 |  4- 6 |  7- 9 || total
-------------------------+-------+-------+-------++-------
Melee: Mace              |    66 |    86 |       ||   152
       Headbutt          |     8 |    21 |    24 ||    53
       Flail             |       |    17 |    89 ||   106
Invok: Berserk           |       |     4 |     4 ||     8
       Trog's Hand       |       |     1 |       ||     1
 Stab: Sleeping          |     1 |       |       ||     1
  Eat: Chunk             |     2 |     9 |     6 ||    17
Armor: Plate armour      |    34 |    58 |    64 ||   156
       Animal skin       |     1 |       |       ||     1
Dodge: Dodged            |    24 |    58 |    48 ||   130
